AoeStats
← [KMNB] Bandeira

Lombardia

507818816Analyzed
3v3 RM · 14d ago on Sep 19, 2026· 16m 51s· 6 players
Game mode
Random Map
Map size
Normal (6 player)
Population
200
Speed
Normal
Resources
Standard
Victory
Conquest
Starting age
Dark Age
Ending age
Imperial Age
RankedLock teamsTeams togetherTeam positionsShared explorationLock speedFull tech treeHidden civsTurbo modeCheats
Victory
Defeat
🇧🇷 Magyars · Brazil
1506
+9
🇧🇷 Saracens · Brazil
1460
+10
🇧🇷 Huns · Brazil
921
+29
🇵🇪 Franks · Peru
1338
-17
🇦🇷 Maya · Argentina
1321
-16
1278
-15
Vai Timão
6:50 Loom
9:12 Feudal Age
9:46 Double-Bit Axe
12:59 Horse Collar
15:12 Wheelbarrow
15:26 Bloodlines
[KMNB] Galodoido
8:42 Feudal Age
7:21 Loom
17:20 Fletching
[KMNB] Bandeira
6:40 Loom
9:43 Feudal Age
10:23 Double-Bit Axe
10:53 Horse Collar
15:01 Scale Barding Armor
Atos 4:12 | João 14:6
11:10 Feudal Age
11:27 Loom
Jokerwin
0:32 Loom
10:48 Feudal Age
13:23 Horse Collar
15:59 Castle Age
lcastillov22
10:06 Feudal Age
15:00 Castle Age
13:05 Double-Bit Axe
14:04 Forging
Connection lost

Rejoining the realm…

Still unreachable

The connection could not be restored.

Session expired

The server has moved on; the page needs a fresh start.